 Dungeon Crawl Stone Soup version 0.24.0-13-gcf9b319 (webtiles) character file.

Game seed: 15835130723142474122, levelgen mode: deterministic

2153 Fang the Shield-Bearer (level 9, -3/57 HPs)
             Began as a Gargoyle Fighter on Dec 18, 2019.
             Was an Initiate of Trog.
             Slain by a large abomination (29 damage)
             ... on level 1 of the Abyss.
             The game lasted 00:09:57 (5353 turns).

Fang the Shield-Bearer (Gargoyle Fighter)           Turns: 5353, Time: 00:09:57

Health: -3/57      AC: 17    Str: 22    XL:     9   Next: 31%
Magic:  9/9        EV:  6    Int: 10    God:    Trog [......]
Gold:   288        SH: 11    Dex:  9    Spells: 8/8 levels left

rFire    + + .     SeeInvis .   a - +2 war axe
rCold    + . .     Gourm    .   B - +1 shield
rNeg     + . .     Faith    .   b - +0 chain mail
rPois    ∞         Spirit   .   (no helmet)
rElec    +         Reflect  .   e - scarf {rC+ rF+}
rCorr    .         Harm     .   (no gloves)
MR       .....                  (no boots)
Stlth    ..........             (no amulet)
HPRegen  0.19/turn              (no ring)
MPRegen  0.11/turn              r - ring of protection from fire

@: no status effects
A: negative energy resistance 1, electricity resistance, unbreathing,
petrification resistance, rot immunity, AC +6
a: Renounce Religion


You were on level 1 of the Abyss.
You worshipped Trog.
Trog was noncommittal.
You were not hungry.

You visited 2 branches of the dungeon, and saw 7 of its levels.
You visited the Abyss 1 time.
You also visited: Sewer.

You collected 288 gold pieces.

Inventory:

Hand Weapons
 a - a +2 war axe (weapon)
Armour
 b - a +0 chain mail (worn)
 e - a scarf of resistance (worn)
 B - a +1 shield (worn)
Jewellery
 g - the amulet "Pughavoisu" {Inacc Str+4}
   (You found it on level 6 of the Dungeon)

   [amulet of inaccuracy]

   It reduces the accuracy of all your attacks.
   It affects your strength (+4).
 r - a ring of protection from fire (right hand)
Wands
 f - a wand of iceblast (9)
Scrolls
 h - 3 scrolls of identify
 j - 2 scrolls of enchant armour
 k - 5 scrolls of remove curse
 m - 3 scrolls of teleportation
 t - 2 scrolls of magic mapping
Potions
 d - a potion of might
 i - 3 potions of haste
 n - a potion of agility
 p - 2 potions of curing
 q - a potion of flight
 s - 3 potions of heal wounds
Comestibles
 c - 14 rations


   Skills:
 + Level 7.3 Fighting
 + Level 5.7 Axes
 + Level 7.3 Armour
 + Level 7.4 Shields


You had 8 spell levels left.
You didn't know any spells.
Your spell library contained the following spells:

 Spells                   Type           Power        Failure   Level  Hunger
 Animate Skeleton         Necr           N/A          100%        1    ##.....
 Apportation              Tloc           #.....       100%        1    ##.....
 Confusing Touch          Hex            #.....       100%        1    ##.....
 Summon Small Mammal      Summ           #...         100%        1    ##.....


Dungeon Overview and Level Annotations

Branches:
Dungeon (6/15)             Temple (1/1) D:6           Sewer (visited)

Altars:
Ashenzari
Cheibriados
Dithmenos
Elyvilon
Fedhas
Gozag
Hepliaklqana
Kikubaaqudgha
Makhleb
Nemelex Xobeh
Okawaru
Ru
Sif Muna
Trog
Uskayaw
Vehumet
Wu Jian
Xom
Yredelemnul
Zin
The Shining One

Shops:
D:5 ![?

Annotations:
D:6 Crazy Yiuf


Innate Abilities, Weirdness & Mutations

You are resistant to torment.
Your stone body is resilient. (AC +6)
You are immune to poison.
You resist negative energy. (rN+)
You are resistant to electric shocks. (rElec)
You can survive without breathing.
You are immune to petrification.
You are immune to rotting.


Message History

You hit the large abomination. You block the green death's attack.
The large abomination hits you!!
You are too injured to fight recklessly!
You are too injured to fight recklessly!
You are too injured to fight recklessly!
You are too injured to fight recklessly!
You are too injured to fight recklessly!
You are too injured to fight recklessly!
You are too injured to fight recklessly!
You are too injured to fight recklessly!
You are too injured to fight recklessly!
You are too injured to fight recklessly!
You are too injured to fight recklessly!
You slash the green death!
The green death is heavily wounded.
You slash the large abomination!
The green death hits you but does no damage.
The large abomination hits you!!
Ouch! That really hurt!
You die...

.. #.. .. .# ♣ ...
#. .###..# # ..
♣..#.##. ## .# ♣#
#.#♣# ##. . ###.#
♣....#.#..##.......
#.#.##.#.. #....#.
.# .. #....#.##
...## . .
.#..#.X.≈..# #... ##
......2@..# ### #..
.##........#.. ## #
#.#...#...#. ..### #
.. +#..#..###. ..# .
#...☼..#. #.#...
#.....###....##..#.#
...#.. #.#### #.#
.##..#. ... . #
.#+... .##.. ..


You could see a green death and a large abomination.

Vanquished Creatures
  Eustachio (D:5)
  Sigmund (D:5)
  A steam dragon (D:6)
  A water moccasin (D:6)
  A sky beast (D:5)
  An ogre (D:5)
  3 centaurs
  3 big kobolds (Sewer)
  3 bullfrogs (D:6)
  2 howler monkeys
  2 crimson imps
  A quasit (D:6)
  3 hounds
  4 orc wizards
  2 centaur skeletons
  2 iguanas
  2 worker ants (D:5)
  13 adders
  2 river rats (Sewer)
  An ufetubus (Abyss:1)
  5 oozes (Sewer)
  7 worms
  A dart slug (D:2)
  5 leopard geckos
  11 orcs
  7 bats
  7 giant cockroaches
  6 goblins
  4 hobgoblins
  5 jackals
  4 quokkas
  6 ball pythons
  A frilled lizard (D:2)
  12 kobolds
  A leopard gecko skeleton (D:5)
  A quokka zombie (D:5)
  5 rats
137 creatures vanquished.

Notes
Turn   | Place    | Note
-------+----------+-------------------------------------------
     0 | D:1      | Fang the Gargoyle Fighter began the quest for the Orb.
     0 | D:1      | Reached XP level 1. HP: 14/14 MP: 1/1
   203 | D:1      | Reached XP level 2. HP: 15/19 MP: 2/2
   507 | D:2      | Reached XP level 3. HP: 18/23 MP: 3/3
   674 | D:2      | Reached XP level 4. HP: 20/29 MP: 4/4
  1515 | D:3      | Found a hazy altar of Hepliaklqana.
  1660 | D:3      | Found a glowing drain.
  1676 | D:3      | Reached XP level 5. HP: 21/33 MP: 5/5
  1692 | Sewer    | Entered a sewer
  1799 | Sewer    | Noticed a big kobold
  1815 | Sewer    | Killed a big kobold
  1970 | Sewer    | Reached XP level 6. HP: 39/39 MP: 6/6
  2515 | Sewer    | Reached skill level 5 in Shields
  2713 | D:4      | Reached skill level 5 in Armour
  2720 | D:4      | Reached skill level 5 in Fighting
  2720 | D:4      | Reached XP level 7. HP: 44/44 MP: 7/7
  2785 | D:4      | Found a shadowy altar of Dithmenos.
  3340 | D:5      | Entered Level 5 of the Dungeon
  3340 | D:5      | Found Wixisch's Antique Armour Boutique.
  3389 | D:5      | Found Otzibuwn's Distillery.
  3461 | D:5      | Noticed Eustachio
  3577 | D:5      | Killed Eustachio
  3577 | D:5      | Reached XP level 8. HP: 29/51 MP: 8/8
  3758 | D:5      | Found an ancient bone altar of Kikubaaqudgha.
  4185 | D:5      | Noticed Sigmund
  4190 | D:5      | Killed Sigmund
  4190 | D:5      | Reached skill level 5 in Axes
  4238 | D:5      | Found Qaklorhuf's Magic Scroll Shoppe.
  4505 | D:6      | Reached XP level 9. HP: 43/56 MP: 9/9
  4529 | D:6      | Found a staircase to the Ecumenical Temple.
  4565 | Temple   | Entered the Ecumenical Temple
  4824 | D:6      | Got a clouded platinum amulet
  4825 | D:6      | Identified the amulet "Pughavoisu" {Inacc Str+4} (You found
                  | it on level 6 of the Dungeon)
  4985 | D:6      | Found an opulent altar of Gozag.
  4986 | D:6      | Found a bloodstained altar of Trog.
  5002 | D:6      | Found a basalt altar of Yredelemnul.
  5019 | D:6      | Became a worshipper of Trog the Wrathful
  5040 | D:6      | Found a bloodstained altar of Trog.
  5133 | D:6      | Found a runed translucent door.
  5134 | D:6      | Noticed Crazy Yiuf
  5282 | D:6      | Cast into level 1 of the Abyss (Crazy Yiuf)
  5341 | Abyss:1  | Noticed a green death
  5353 | Abyss:1  | Slain by a large abomination

Levels and vault maps discovered:
D:1:      minmay_arrival_five_plusses, layout_basic
D:2:      layout_rooms, minmay_distorted
D:3:      layout_basic, lemuel_doored_altar, first_ration, portal_sewer_entry_f
D:4:      layout_basic, grunt_dithmenos_smoke_and_mirrors
D:5:      layout_loops_ring, serial_shops, shop, nicolae_shop_trees,
          shop_statue, basic_altar, kennysheep_crisscross, uniq_sigmund,
          uniq_eustachio
D:6:      layout_cave_pools, gammafunk_temple_overflow_forgotten,
          minmay_temple_entry_enclosed_plants, serial_column_ruins,
          column_ruins_open_medium, column_ruins_open_small,
          column_ruins_grid_2, chequers_serial_rivers_micro_d,
          trog_three_pillars_becter, uniq_crazy_yiuf_cottage
Temple:   minmay_crystal_spiral_temple
Abyss:1:  minivault_22

Skill      XL: |  1  2  3  4  5  6  7  8  9 |
---------------+----------------------------+-----
Axes           | 2 3 4 5 |  5.7
Shields        | 4 5 7 |  7.4
Armour         | 4 5 6 7 |  7.3
Fighting       | 4 5 6 7 |  7.3

Action                   |  1- 3 |  4- 6 |  7- 9 || total
-------------------------+-------+-------+-------++-------
Melee: War axe           |   112 |   310 |   278 ||   700
       Unarmed           |       |       |     3 ||     3
  Use: Scroll            |       |    13 |     4 ||    17
  Eat: Chunk             |       |     7 |     9 ||    16
Armor: Scale mail        |    90 |    22 |       ||   112
       Chain mail        |       |   158 |   278 ||   436
Dodge: Dodged            |    42 |    65 |   102 ||   209
Block: Shield            |    66 |   130 |   247 ||   443
